 Dungeon Crawl Stone Soup version 0.28.0-1-gb440e238dd (webtiles) character file.

Game seed: 8733830679155969955

8203 SnakkuSnakku7 the Destroyer (level 11, -3/86 HPs)
             Began as a Demonspawn Fire Elementalist on Feb 20, 2022.
             Was an Initiate of Gozag.
             Slain by a two-headed ogre (11 damage)
             ... on level 11 of the Dungeon.
             The game lasted 00:24:48 (12133 turns).

SnakkuSnakku7 the Destroyer (DsFE)                 Turns: 12133, Time: 00:24:49

Health: -3/86      AC: 12    Str:  8    XL:     11   Next: 6%
Magic:  0/18       EV: 15    Int: 22    God:    Gozag
Gold:   635        SH:  5    Dex: 13    Spells: 13/20 levels left

rFire   . . .      SeeInvis .   s - +2 whip (venom)
rCold   + . .      Faith    .   (no shield)
rNeg    . . .      Spirit   .   w - +0 acid dragon scales
rPois   .          Reflect  +   d - +0 helmet
rElec   .          Harm     .   (no cloak)
rCorr   +          Rampage  .   (no gloves)
Will    .....                   u - +0 pair of boots
Stlth   +.........              j - amulet of reflection
HPRegen 0.24/turn               f - ring of protection from cold
MPRegen 0.16/turn               m - +4 ring of protection

@: repel missiles
A: repulsion field 3, powered by death 1, weakness stinger 1
a: Renounce Religion, Potion Petition, Call Merchant, Bribe Branch


You were on level 11 of the Dungeon.
You worshipped Gozag.
Gozag was pleased with you.
You visited 2 branches of the dungeon, and saw 12 of its levels.

You collected 796 gold pieces.
You paid 161 gold pieces to Gozag.

Inventory:

Hand Weapons
 l - a +0 short sword
 p - a +4 hand axe
 q - the +5 halberd "Donaq" {speed, Stlth+}
   (You found it on level 5 of the Dungeon)

   Attacks with this weapon are significantly faster.
   Stlth:     It makes you more stealthy.
 s - a +2 whip of venom (weapon)
Armour
 a - a +0 robe
 d - a +0 helmet (worn)
 u - a +0 pair of boots (worn)
 w - +0 acid dragon scales (worn)
Jewellery
 f - a ring of protection from cold (left hand)
 j - an amulet of reflection (around neck)
 m - a +4 ring of protection (right hand)
Wands
 v - a wand of paralysis (11)
 x - a wand of polymorph (6)
 A - a wand of acid (4)
Scrolls
 b - a scroll of enchant weapon
 g - a scroll of amnesia {unknown}
 h - 5 scrolls of magic mapping
 k - a scroll of acquirement {unknown}
 n - a scroll of summoning
 r - a scroll of teleportation
 t - a scroll of enchant armour
 y - a scroll of vulnerability {unknown}
 z - 2 scrolls of blinking
 B - a scroll of immolation {unknown}
Potions
 c - 3 potions of mutation
 e - 3 potions of magic
 i - a potion of haste
 o - 2 potions of lignification
 C - a potion of heal wounds


   Skills:
 - Level 8.0 Fighting
 - Level 1.7 Dodging
 - Level 1.7 Stealth
 + Level 5.1 Spellcasting
 - Level 10.0 Conjurations
 - Level 10.0 Fire Magic


You had 13 spell levels left.
You knew the following spells:

 Your Spells              Type           Power      Damage    Failure   Level
a - Foxfire               Conj/Fire      100%       2x1d9     1%          1
b - Scorch                Fire           98%        2d9       1%          2
c - Flame Wave            Conj/Fire      49%        2d10      3%          4

Your spell library contained the following spells:

 Spells                   Type           Power      Damage    Failure   Level
 Conjure Flame            Conj/Fire      49%        6-21      1%          3
 Inner Flame              Hex/Fire       27%        N/A       7%          3
 Portal Projectile        Hex/Tloc       10%        N/A       47%         3
 Blade Hands              Tmut           2%         N/A       99%         5
 Excruciating Wounds      Necr           2%         N/A       99%         5


Dungeon Overview and Level Annotations

Branches:
Dungeon (11/15)            Temple (1/1) D:4             Orc (0/2) D:9
   Lair: D:8-11

Altars:
Ashenzari
Cheibriados
Dithmenos
Elyvilon
Fedhas
Gozag
Hepliaklqana
Kikubaaqudgha
Makhleb
Nemelex Xobeh
Okawaru
Qazlal
Ru
Sif Muna
Trog
Uskayaw
Vehumet
Wu Jian
Xom
Yredelemnul
Zin
The Shining One

Annotations:
D:3 2 transporters, RascalDebosk's ghost, weakling DrFE


Innate Abilities, Weirdness & Mutations

You are surrounded by a strong repulsion field. (EV +4, RMsl)
You regenerate a little health from kills.
You have a small tail.


Message History

The two-headed ogre is heavily wounded. (Press . to intensify the flame waves.)
The two-headed ogre barely misses you.
The two-headed ogre hits you with a +0 giant club!
A wave of flame ripples out!
The flame wave engulfs the two-headed ogre.
The two-headed ogre is heavily wounded.
The two-headed ogre barely misses you. The two-headed ogre closely misses you.
Unknown command.
A wave of flame ripples out!
The flame wave engulfs the two-headed ogre!
The two-headed ogre is severely wounded.
You finish channelling waves of flame.
You hear an angry growl. x2
The two-headed ogre hits you with a +0 dire flail.
The two-headed ogre hits you with a +0 giant club!
Unknown command.
There is an open door here.
Casting: Flame Wave (dangerous; 3% risk of failure)
Confirm with . or Enter, or press ? or * to list all spells.
Casting: Flame Wave (dangerous; 3% risk of failure)
Press: ? - help, Dir - look around, f - activate A wave of flame ripples out! (Press . to intensify the flame waves.)
A wave of flame ripples out!
The flame wave engulfs the two-headed ogre.
The two-headed ogre is severely wounded.
The two-headed ogre hits you with a +0 dire flail!!
* * * LOW HITPOINT WARNING * * *
The two-headed ogre misses you.
A wave of flame ripples out!
The flame wave engulfs the two-headed ogre!
The two-headed ogre is almost dead.
You finish channelling waves of flame.
You hear a loud, deep croak!
You hear an angry growl. x2
The two-headed ogre hits you with a +0 dire flail!
* * * LOW HITPOINT WARNING * * *
The two-headed ogre hits you with a +0 giant club!
You die...
Your body crumbles into a pile of gold.

#.# #
#######.###..###
................
######.########
#.# #.# ##.#
#O.# ###@#####
#.......#
#.......#
#.......#
#......<#######
#.......'.....#
#.......#####.#
+.......#
#.......#


You could see a two-headed ogre.

Vanquished Creatures
  A deep elf zephyrmancer (D:7)
  A deep elf pyromancer (D:8)
  A troll (D:7)
  A wraith (D:9)
  15 yaks
  2 wyverns
  4 water moccasins
  An acid dragon (D:8)
  4 sky beasts
  Duvessa (D:7)
  A hornet zombie (D:6)
  3 ice beasts
  2 black bears
  6 orc warriors
  4 necrophages
  An ogre (D:6)
  A phantom (D:5)
  A centaur (D:10)
  2 kobold brigands
  6 bullfrogs
  A gnoll sergeant (D:9)
  A scorpion (D:6)
  Dowan (D:7)
  A howler monkey (D:7)
  3 centaur zombies
  2 jellies
  6 orc priests
  A gnoll shaman (D:6)
  A hound (D:6)
  A centaur skeleton (D:5)
  Ijyb (D:3)
  Natasha (thrice) (D:4)
  3 iguanas
  8 orc wizards
  2 howler monkey zombies
  13 gnolls
  6 adders
  A shadow imp (D:6)
  A white imp (D:5)
  2 ufetubi
  An adder skeleton (D:5)
  A worm (D:4)
  3 dart slugs
  37 orcs
  5 ball pythons
  8 bats
  4 endoplasms
  3 giant cockroaches
  2 goblins
  4 hobgoblins
  2 quokkas
  2 frilled lizards
  20 kobolds
  11 rats
219 creatures vanquished.

Vanquished Creatures (others)
  60 foxfires
  7 fungi (D:11)
  12 plants
79 creatures vanquished.

Grand Total: 298 creatures vanquished

Notes
Turn   | Place    | Note
-------+----------+-------------------------------------------
     0 | D:1      | SnakkuSnakku7 the Demonspawn Fire Elementalist began the
                  | quest for the Orb.
     0 | D:1      | Reached XP level 1. HP: 13/13 MP: 3/3
   267 | D:1      | Gained mutation: You regenerate a little health from kills.
                  | [demonic ancestry]
   267 | D:1      | Reached XP level 2. HP: 19/19 MP: 3/5
   373 | D:1      | Found a faded altar of an unknown god.
   633 | D:2      | Learned a level 2 spell: Scorch
   811 | D:2      | Reached XP level 3. HP: 19/24 MP: 2/6
  1358 | D:3      | Found a transporter.
  1359 | D:3      | Found a transporter.
  1359 | D:3      | Noticed RascalDebosk's ghost (weakling DrFE)
  1361 | D:3      | Identified the +7 giant club of Dismay {vamp, Str+3}
  1361 | D:3      | Noticed an ogre
  1627 | D:3      | Gained mutation: You are surrounded by a mild repulsion
                  | field. (EV +2) [demonic ancestry]
  1627 | D:3      | Reached XP level 4. HP: 24/30 MP: 4/7
  1639 | D:3      | Noticed Ijyb
  1658 | D:3      | Paralysed by Ijyb for 7 turns
  1766 | D:3      | Found a glowing drain.
  1766 | D:3      | Noticed a water moccasin
  1868 | D:3      | Killed a water moccasin
  1869 | D:3      | Reached XP level 5. HP: 35/35 MP: 3/8
  2260 | D:3      | Killed Ijyb
  2960 | D:3      | Gained mutation: You are surrounded by a moderate repulsion
                  | field. (EV +3) [demonic ancestry]
  2960 | D:3      | Reached XP level 6. HP: 41/41 MP: 2/9
  3350 | D:4      | Found a staircase to the Ecumenical Temple.
  3353 | D:4      | Noticed Natasha
  3356 | D:4      | Killed Natasha
  3357 | D:4      | Reached skill level 5 in Fire Magic
  3360 | D:4      | Noticed Natasha
  3364 | D:4      | Killed Natasha
  3504 | D:4      | Reached skill level 5 in Conjurations
  3512 | Temple   | Entered the Ecumenical Temple
  3617 | D:4      | Noticed Natasha
  3621 | D:4      | Killed Natasha
  3787 | D:4      | Gained mutation: You are surrounded by a strong repulsion
                  | field. (EV +4, RMsl) [demonic ancestry]
  3787 | D:4      | Reached XP level 7. HP: 46/46 MP: 5/10
  4154 | D:5      | Entered Level 5 of the Dungeon
  5229 | D:5      | Identified the +5 halberd "Donaq" {speed, Stlth+}
  5482 | D:6      | Reached XP level 8. HP: 52/52 MP: 7/14
  6181 | D:6      | Identified the +1 scale mail of Zaaraf {Rampage rElec rC-
                  | Dex+5}
  6503 | D:5      | Learned a level 4 spell: Flame Wave
  7092 | D:6      | Gained mutation: You have a small tail. [demonic ancestry]
  7092 | D:6      | Reached XP level 9. HP: 57/57 MP: 2/15
  7417 | D:7      | Noticed a deep elf zephyrmancer
  7421 | D:7      | Killed a deep elf zephyrmancer
  7567 | D:7      | Noticed Duvessa
  7641 | D:7      | Killed Duvessa
  7659 | D:7      | Noticed Dowan
  7663 | D:7      | Killed Dowan
  7704 | D:7      | Noticed a troll
  7719 | D:7      | Killed a troll
  8430 | D:8      | Noticed a deep elf pyromancer
  8721 | D:9      | Reached skill level 10 in Conjurations
  8721 | D:9      | Reached XP level 10. HP: 63/63 MP: 8/16
  8923 | D:9      | Reached skill level 10 in Fire Magic
  9074 | D:9      | Reached skill level 1 in Fighting
  9400 | D:9      | Reached skill level 5 in Fighting
  9904 | D:9      | Found a staircase to the Orcish Mines.
 10689 | D:8      | Found an opulent altar of Gozag.
 10794 | D:8      | Became a worshipper of Gozag Ym Sagoz the Greedy
 10864 | D:8      | Killed a deep elf pyromancer
 10925 | D:10     | Entered Level 10 of the Dungeon
 11586 | D:10     | Reached XP level 11. HP: 57/86 MP: 1/18
 11594 | D:10     | Reached skill level 5 in Spellcasting
 12114 | D:11     | Noticed a two-headed ogre
 12133 | D:11     | Slain by a two-headed ogre

Illustrated notes

Levels and vault maps discovered:
D:1:      nzn_arrival_crosshair, layout_basic, hellmonk_ecumenical_altar_run_dry
D:2:      layout_loops_cross
D:3:      layout_loops_ring, gammafunk_ghost_smash, portal_sewer_entry_a,
          minmay_parallelograms, uniq_ijyb
D:4:      layout_layer_cave, minmay_temple_entry_grid, uniq_natasha
D:5:      layout_rooms, minmay_misc_feat_room, serial_bayou_lake_a
D:6:      layout_layer_cave, minmay_starry_boxes
D:7:      layout_basic, guppyfry_early_elven_hall, uniq_duvessa
D:8:      layout_basic, nicolae_gozag_seed_capital
D:9:      layout_long_grid, david_orc_2
D:10:     layout_layer_cave
D:11:     layout_roguey, due_lair_maze_entry_diamond, minmay_ruined_shrine
Temple:   kilobyte_greek_temple

Skill      XL: |  1  2  3  4  5  6  7  8  9 10 11 |
---------------+----------------------------------+-----
Fire Magic     | 3 4 5 6 7 9 10 | 10.0
Conjurations   | 2 3 4 5 7 10 | 10.0
Spellcasting   | 4 5 |  5.1
Fighting       | 8 |  8.0
Dodging        | |  1.7
Stealth        | |  1.7

Action                   |  1- 3 |  4- 6 |  7- 9 | 10-12 || total
-------------------------+-------+-------+-------+-------++-------
Melee: Unarmed           |     9 |    16 |       |       ||    25
       Short sword       |    11 |    52 |    22 |       ||    85
       Punch             |     2 |       |     4 |       ||     6
       Hand axe          |       |       |     3 |       ||     3
       Halberd           |       |       |    37 |       ||    37
       Whip              |       |       |    54 |    76 ||   130
       Tailslap          |       |       |     7 |    19 ||    26
 Cast: Foxfire           |    32 |     3 |       |       ||    35
       Scorch            |    19 |    59 |   126 |    37 ||   241
       Flame Wave        |       |       |    12 |    27 ||    39
Evoke: Wand              |       |       |       |     2 ||     2
  Use: Scroll            |       |     5 |     5 |     4 ||    14
       Potion            |       |     2 |     1 |       ||     3
 Stab: Sleeping          |     2 |       |       |       ||     2
Armor: Robe              |    10 |    17 |    32 |    18 ||    77
       Skin              |       |    18 |       |       ||    18
       Acid dragon scale |       |       |       |    13 ||    13
Dodge: Dodged            |    48 |    59 |   141 |    99 ||   347
       Repelled          |       |       |     1 |     2 ||     3
Block: Other             |       |       |    24 |    29 ||    53
       Reflection        |       |       |     1 |       ||     1
